Map: Newkirk Precinct TE (Void)

Players

Musumeci

  • Race: Zerg Zerg
  • League: Diamond
  • Spawn Location: 5:00

exe - Winner!

  • Race: Zerg Zerg
  • League: Diamond
  • Spawn Location: 7:00

VOD

Have the link to the VOD?

Description

Time

  • Played on: March 8, 2017, 3:29 p.m.
  • Length: 8:21
Show
View Real Time Build Order
Export as new Build Order

Musumeci Zerg 

Build Orders: Hatch First 

Get SALT Encoding   

  12  0:05  Drone  
  13  0:11  Drone  
  14  0:18  Drone, Extractor  
  15  0:41  Hatchery  
  14  0:45  Extractor  
  14  0:47  Drone  
  15  0:53  Overlord  
  15  0:57  Extractor  
  14  1:17  Evolution Chamber  
  13  1:28  Drone  
  13  1:29  Drone x2  
  16  1:47  Spawning Pool  
  16  1:54  Drone x3  
  16  2:01  Drone  
  19  2:03  Drone  
  20  2:11  Drone  
  20  2:14  Drone  
  23  2:22  Drone  
  23  2:26  Drone  
  24  2:36  Metabolic Boost, Baneling Nest  
  23  2:38  Queen  
  25  2:46  Queen  
  27  2:52  Zergling x2  
  28  3:01  Overlord  
  28  3:20  Zergling x12  
  34  3:36  Zergling x4  
  36  3:44  Overlord  
  36  3:55  Baneling x2  
  36  3:56  Hatchery  
  36  4:02  Zergling x2  
  36  4:03  Zergling x12  
  38  4:26  Zergling x10  
  41  4:34  Drone  
  36  5:09  Queen  
  36  5:11  Zergling x18  
  36  5:12  Zergling x2  
  48  5:17  Evolution Chamber  
  46  5:29  Roach Warren  
  45  5:42  Drone x4  
  49  5:43  Extractor  
  49  5:44  Overlord  
  49  5:45  Overlord  
  47  6:10  Roach x8  
  41  6:48  Drone x11  
  50  7:13  Roach  
  50  7:14  Roach x4  
  57  7:35  Ravager x3  
  60  7:37  Overlord x3  
  31  7:57  Roach x7  
Show
View Real Time Build Order
Export as new Build Order

exe Zerg - Winner!

Build Orders: Hatch First 

Get SALT Encoding   

  12  0:01  Drone  
  13  0:08  Drone  
  14  0:19  Drone, Extractor  
  14  0:23  Drone, Extractor  
  16  0:29  Overlord  
  16  0:47  Drone x2  
  18  0:56  Drone  
  19  1:03  Extractor  
  18  1:09  Evolution Chamber  
  18  1:10  Drone  
  18  1:14  Extractor  
  17  1:25  Hatchery  
  16  1:31  Extractor  
  15  1:35  Spawning Pool  
  15  1:37  Drone  
  15  1:41  Drone  
  16  1:48  Drone  
  16  1:52  Drone  
  18  2:00  Overlord  
  18  2:10  Drone  
  19  2:21  Drone  
  20  2:31  Drone  
  20  2:32  Queen  
  23  2:37  Queen  
  23  2:39  Drone  
  26  2:45  Metabolic Boost  
  26  2:50  Drone  
  27  2:55  Zergling x4  
  29  3:00  Drone  
  29  3:04  Baneling Nest  
  29  3:06  Drone  
  29  3:12  Roach Warren  
  30  3:13  Drone  
  30  3:17  Drone  
  32  3:20  Drone  
  32  3:25  Overlord  
  33  3:41  Drone x2  
  33  3:42  Drone  
  36  3:54  Roach x4  
  44  4:02  Overlord x3  
  44  4:12  Overlord x2  
  40  4:22  Roach x4  
  40  4:23  Roach  
  49  4:29  Roach x2  
  53  4:36  Baneling Nest  
  52  4:51  Roach  
  52  4:52  Roach  
  56  5:06  Queen  
  56  5:10  Spine Crawler  
  57  5:19  Zergling x4  
  57  5:20  Zergling x10  
  64  5:28  Zergling x2  
  64  5:29  Zergling x2  
  64  5:30  Zergling x2  
  67  5:36  Zergling x2  
  67  5:40  Baneling x4  
  67  5:41  Baneling x3  
  68  5:50  Baneling x2  
  68  6:06  Zergling x10  
  68  6:07  Zergling x4  
  68  6:10  Baneling x2  
  75  6:19  Spine Crawler, Drone x5  
  71  6:45  Zergling x4  
  71  6:46  Zergling x6  
  76  6:53  Drone  
  76  7:12  Spine Crawler, Extractor  
  76  7:13  Drone x2, Extractor  
  76  7:14  Drone x2  
  77  7:15  Spine Crawler  
  77  7:21  Baneling x2  
  77  7:22  Baneling x14  
  76  7:26  Zergling x4  
  78  7:36  Zergling x4  
  69  7:58  Drone x4  
  71  8:02  Drone  
Tags
 
Add a new tag
Caveats
  • Supply blocks, unpowered buildings, or Contaminate may cause inaccurate times.
  • Supply counts are checked every 10 seconds.